| TOP OF THE 1ST |
|
Galveston Sand Crabs batting - Pitching for Port Arthur Pirates : RHP Kirk McCaskill
|
|
Pitching: RHP Kirk McCaskill
|
|
|
Batting: LHB David Dyrek
|
0-0: Called Strike 0-1: DOUBLE (Line Drive, 89M, EV 95.0 MPH)
|
|
Batting: RHB Sergio Padilla
|
0-0: Ball 1-0: Called Strike 1-1: Swinging Strike 1-2: Ball 2-2: Strikes out looking
|
|
Batting: LHB Van Snider
|
0-0: Ball 1-0: Called Strike 1-1: Ball 2-1: Ground out 6-3 (Groundball, 6, EV 102.5 MPH)
|
|
Batting: SHB Darryl Wilks
|
0-0: Called Strike 0-1: Ball 1-1: Foul Ball, location: 2F 1-2: Ball 2-2: Strikes out swinging
|
| Top of the 1st over - 0 runs, 1 hit, 0 errors, 1 left on base; Galveston 0 - Port Arthur 0 |
| BOTTOM OF THE 1ST |
|
Port Arthur Pirates batting - Pitching for Galveston Sand Crabs : LHP Randy Myers
|
|
Pitching: LHP Randy Myers
|
|
|
Batting: SHB Geoff Doggett
|
0-0: Ball 1-0: Called Strike 1-1: Foul Ball, location: 2F 1-2: Strikes out swinging
|
|
Batting: RHB Billy Ripken
|
0-0: Swinging Strike 0-1: Ball 1-1: Ball 2-1: SINGLE (Groundball, P, EV 88.8 MPH) (infield hit)
|
|
Batting: RHB Steve Stanicek
|
0-0: Swinging Strike 0-1: Ball 1-1: Foul Ball, location: 2F 1-2: Foul Ball, location: 2F 1-2: Ball 2-2: Ball 3-2: Fly out, F4 (Popup, 4MS, EV 68.1 MPH)
|
|
Batting: LHB Dan Aruca
|
0-0: Foul Ball, location: 2F 0-1: Swinging Strike 0-2: Ball 1-2: Strikes out swinging, 2-3 out at first.
|
| Bottom of the 1st over - 0 runs, 1 hit, 0 errors, 1 left on base; Galveston 0 - Port Arthur 0 |
| TOP OF THE 2ND |
|
Galveston Sand Crabs batting - Pitching for Port Arthur Pirates : RHP Kirk McCaskill
|
|
Batting: RHB Cayetano Cadahia
|
0-0: Ball 1-0: Ball 2-0: Called Strike 2-1: Foul Ball, location: 2F 2-2: Strikes out swinging
|
|
Batting: LHB Dave Montanari
|
0-0: Ball 1-0: Called Strike 1-1: Swinging Strike 1-2: Foul Ball, location: 2F 1-2: Foul Ball, location: 2F 1-2: Strikes out looking
|
|
Batting: RHB William Packer
|
0-0: Ball 1-0: Ball 2-0: Ball 3-0: Base on Balls
|
|
Batting: SHB Ricardo Rivera
|
0-0: Called Strike William Packer steals 2nd base 0-1: Foul Ball, location: 2F 0-2: Ball 1-2: Ball 2-2: Strikes out swinging
|
| Top of the 2nd over - 0 runs, 0 hits, 0 errors, 1 left on base; Galveston 0 - Port Arthur 0 |
| BOTTOM OF THE 2ND |
|
Port Arthur Pirates batting - Pitching for Galveston Sand Crabs : LHP Randy Myers
|
|
Batting: RHB Otto Gonzalez
|
0-0: Ball 1-0: Called Strike 1-1: Foul Ball, location: 2F 1-2: Strikes out swinging
|
|
Batting: RHB Fredi Gonzalez
|
0-0: Swinging Strike 0-1: Ball 1-1: Called Strike 1-2: Ball 2-2: Ball 3-2: Foul Ball, location: 2F 3-2: Strikes out looking
|
|
Batting: LHB Chris Rehbaum
|
0-0: Fly out, F9 (Flyball, 9, EV 78.1 MPH)
|
| Bottom of the 2nd over - 0 runs, 0 hits, 0 errors, 0 left on base; Galveston 0 - Port Arthur 0 |
| TOP OF THE 3RD |
|
Galveston Sand Crabs batting - Pitching for Port Arthur Pirates : RHP Kirk McCaskill
|
|
Batting: RHB Wil Muela
|
0-0: Ball 1-0: Ball 2-0: Called Strike 2-1: Fly out, F4 (Popup, 4M, EV 68.1 MPH)
|
|
Batting: LHB David Dyrek
|
0-0: Called Strike 0-1: Foul Ball, location: 2F 0-2: Strikes out swinging
|
|
Batting: RHB Sergio Padilla
|
0-0: Foul Ball, location: 2F 0-1: Ball 1-1: Ground out 6-3 (Groundball, 6, EV 83.8 MPH)
|
| Top of the 3rd over - 0 runs, 0 hits, 0 errors, 0 left on base; Galveston 0 - Port Arthur 0 |
| BOTTOM OF THE 3RD |
|
Port Arthur Pirates batting - Pitching for Galveston Sand Crabs : LHP Randy Myers
|
|
Batting: RHB Luis Suarez
|
0-0: Swinging Strike 0-1: Foul Ball, location: 2F 0-2: Fly out, F9 (Line Drive, 9, EV 98.8 MPH)
|
|
Batting: RHB Willis Valdez
|
0-0: Ball 1-0: Called Strike 1-1: Fly out, F6 (Popup, 4MD, EV 69.4 MPH)
|
|
Batting: SHB Geoff Doggett
|
0-0: Ball 1-0: Called Strike 1-1: Called Strike 1-2: Strikes out swinging
|
| Bottom of the 3rd over - 0 runs, 0 hits, 0 errors, 0 left on base; Galveston 0 - Port Arthur 0 |
| TOP OF THE 4TH |
|
Galveston Sand Crabs batting - Pitching for Port Arthur Pirates : RHP Kirk McCaskill
|
|
Batting: LHB Van Snider
|
0-0: Ball 1-0: Foul Ball, location: 2F 1-1: Ground out 3-1 (Groundball, 34, EV 97.5 MPH)
|
|
Batting: SHB Darryl Wilks
|
0-0: Called Strike 0-1: Swinging Strike 0-2: Ball 1-2: Ball 2-2: Strikes out swinging
|
|
Batting: RHB Cayetano Cadahia
|
0-0: Ball 1-0: Foul Ball, location: 2F 1-1: Ball 2-1: Foul Ball, location: 2F 2-2: SINGLE (Groundball, 6MD, EV 99.4 MPH)
|
|
Batting: LHB Dave Montanari
|
0-0: Ball 1-0: Foul Ball, location: 2F 1-1: Ball 2-1: Foul Ball, location: 2F 2-2: Foul Ball, location: 2F 2-2: Ball 3-2: Foul Ball, location: 2F 3-2: Strikes out looking
|
| Top of the 4th over - 0 runs, 1 hit, 0 errors, 1 left on base; Galveston 0 - Port Arthur 0 |
| BOTTOM OF THE 4TH |
|
Port Arthur Pirates batting - Pitching for Galveston Sand Crabs : LHP Randy Myers
|
|
Batting: RHB Billy Ripken
|
0-0: Ball 1-0: DOUBLE (Line Drive, 9LM, EV 106.9 MPH)
|
|
Batting: RHB Steve Stanicek
|
0-0: Called Strike 0-1: Foul Ball, location: 2F 0-2: Foul Ball, location: 2F 0-2: Strikes out swinging
|
|
Batting: LHB Dan Aruca
|
0-0: Ball 1-0: Ball 2-0: Foul Ball, location: 2F 2-1: Ground out 5-3 (Groundball, 56, EV 108.1 MPH)
|
|
Batting: RHB Otto Gonzalez
|
0-0: Called Strike 0-1: Called Strike 0-2: Ball 1-2: Ball 2-2: Foul Ball, location: 2F 2-2: Ball 3-2: Base on Balls
|
|
Batting: RHB Fredi Gonzalez
|
0-0: Ball 1-0: Ball 2-0: Ball 3-0: Called Strike 3-1: Foul Ball, location: 2F 3-2: Foul Ball, location: 2F 3-2: Strikes out looking
|
| Bottom of the 4th over - 0 runs, 1 hit, 0 errors, 2 left on base; Galveston 0 - Port Arthur 0 |
| TOP OF THE 5TH |
|
Galveston Sand Crabs batting - Pitching for Port Arthur Pirates : RHP Kirk McCaskill
|
|
Batting: RHB William Packer
|
0-0: Fly out, F8 (Flyball, 8RD, EV 80.6 MPH)
|
|
Batting: SHB Ricardo Rivera
|
0-0: Ball 1-0: Ball 2-0: SINGLE (Groundball, 13S, EV 71.3 MPH) (infield hit)
|
|
Batting: RHB Wil Muela
|
0-0: Ball 1-0: Swinging Strike 1-1: Called Strike 1-2: Fly out, F7 (Flyball, 7LM, EV 88.1 MPH)
|
|
Batting: LHB David Dyrek
|
0-0: Called Strike 0-1: Ball 1-1: Ball 2-1: Ball 3-1: Called Strike 3-2: Strikes out looking
|
| Top of the 5th over - 0 runs, 1 hit, 0 errors, 1 left on base; Galveston 0 - Port Arthur 0 |
| BOTTOM OF THE 5TH |
|
Port Arthur Pirates batting - Pitching for Galveston Sand Crabs : LHP Randy Myers
|
|
Batting: LHB Chris Rehbaum
|
0-0: Ball 1-0: Called Strike 1-1: SINGLE (Line Drive, 8LM, EV 90.0 MPH)
|
|
Batting: RHB Luis Suarez
|
0-0: Ball 1-0: Ball 2-0: Swinging Strike 2-1: Foul Ball, location: 2F 2-2: Foul Ball, location: 2F 2-2: Strikes out swinging Chris Rehbaum steals 2nd base Batter strikes out.
|
|
Batting: RHB Willis Valdez
|
0-0: Called Strike 0-1: Called Strike 0-2: Ball 1-2: Fly out, F7 (Flyball, 7LS, EV 76.3 MPH)
|
|
Batting: SHB Geoff Doggett
|
0-0: Swinging Strike 0-1: Ball 1-1: Ground out U3 (Groundball, 3L, EV 99.4 MPH)
|
| Bottom of the 5th over - 0 runs, 1 hit, 0 errors, 1 left on base; Galveston 0 - Port Arthur 0 |
| TOP OF THE 6TH |
|
Galveston Sand Crabs batting - Pitching for Port Arthur Pirates : RHP Kirk McCaskill
|
|
Batting: RHB Sergio Padilla
|
0-0: Ball 1-0: Ball 2-0: Foul Ball, location: 2F 2-1: Ball 3-1: Base on Balls
|
|
Batting: LHB Van Snider
|
0-0: Ball 1-0: Called Strike 1-1: Ball 2-1: Foul Ball, location: 2F 2-2: Foul Ball, location: 2F 2-2: Foul Ball, location: 2F 2-2: Strikes out swinging
|
|
Batting: SHB Darryl Wilks
|
0-0: Called Strike 0-1: Ball 1-1: Ball 2-1: Ball 3-1: Base on Balls Sergio Padilla to second
|
|
Batting: RHB Cayetano Cadahia
|
0-0: Ball 1-0: Ball 2-0: Called Strike 2-1: Foul Ball, location: 2F 2-2: Foul Ball, location: 2F 2-2: Fly out, F7 (Flyball, 7, EV 93.8 MPH)
|
|
Batting: LHB Dave Montanari
|
0-0: Called Strike 0-1: Ball 1-1: Fly out, F7 (Flyball, 7, EV 88.1 MPH)
|
| Top of the 6th over - 0 runs, 0 hits, 0 errors, 2 left on base; Galveston 0 - Port Arthur 0 |
| BOTTOM OF THE 6TH |
|
Port Arthur Pirates batting - Pitching for Galveston Sand Crabs : LHP Randy Myers
|
|
Batting: RHB Billy Ripken
|
0-0: Foul Ball, location: 2F 0-1: Ball 1-1: Fly out, F4 (Line Drive, 4, EV 66.9 MPH)
|
|
Batting: RHB Steve Stanicek
|
0-0: Ball 1-0: SOLO HOME RUN (Flyball, 78XD, EV 106.3 MPH), Distance : 414 ft
|
|
Batting: LHB Dan Aruca
|
0-0: Fly out, F3 (Line Drive, 3, EV 65.6 MPH)
|
|
Batting: RHB Otto Gonzalez
|
0-0: Ball 1-0: Ball 2-0: Ball 3-0: Base on Balls
|
|
Batting: RHB Fredi Gonzalez
|
0-0: Ball 1-0: Ball 2-0: Ball 3-0: Base on Balls Otto Gonzalez to second
|
|
Batting: LHB Chris Rehbaum
|
0-0: Ball 1-0: Swinging Strike 1-1: Called Strike 1-2: Foul Ball, location: 2F 1-2: SINGLE (Groundball, 4MD, EV 104.4 MPH) Otto Gonzalez to third Fredi Gonzalez to second Runner from 3rd tries for Home, SAFE, throw by CF to home
|
|
Batting: RHB Luis Suarez
|
0-0: Called Strike 0-1: Ball 1-1: Foul Ball, location: 2F 1-2: Foul Ball, location: 2F 1-2: Fielders Choice at 2nd, 5-4 (Groundball, 56, EV 85.6 MPH)
|
| Bottom of the 6th over - 2 runs, 2 hits, 0 errors, 2 left on base; Galveston 0 - Port Arthur 2 |
| TOP OF THE 7TH |
|
Galveston Sand Crabs batting - Pitching for Port Arthur Pirates : RHP Kirk McCaskill
|
|
Batting: RHB William Packer
|
0-0: Ball 1-0: Ball 2-0: Called Strike 2-1: Ball 3-1: Base on Balls
|
|
Batting: SHB Ricardo Rivera
|
0-0: Ball 1-0: Ball 2-0: Sac Bunt to 5S - play at first, batter OUT! 5-3 William Packer to second
|
|
Batting: RHB Wil Muela
|
0-0: Ball 1-0: Swinging Strike 1-1: Called Strike 1-2: Foul Ball, location: 2F 1-2: Strikes out looking
|
|
Batting: LHB David Dyrek
|
0-0: Ball 1-0: Called Strike 1-1: Ball 2-1: Foul Ball, location: 2F 2-2: Ball 3-2: Ground out 6-3 (Groundball, 6, EV 85.6 MPH)
|
| Top of the 7th over - 0 runs, 0 hits, 0 errors, 1 left on base; Galveston 0 - Port Arthur 2 |
| BOTTOM OF THE 7TH |
|
Port Arthur Pirates batting - Pitching for Galveston Sand Crabs : LHP Randy Myers
|
|
Batting: RHB Willis Valdez
|
0-0: Swinging Strike 0-1: Ball 1-1: Fly out, F8 (Flyball, 8LS, EV 78.1 MPH)
|
|
Batting: SHB Geoff Doggett
|
0-0: Ball 1-0: Foul Ball, location: 2F 1-1: Foul Ball, location: 2F 1-2: Ball 2-2: Ball 3-2: Fly out, F7 (Flyball, 7, EV 90.6 MPH)
|
|
Batting: RHB Billy Ripken
|
0-0: Ball 1-0: Ball 2-0: Ball 3-0: Called Strike 3-1: Foul Ball, location: 2F 3-2: Base on Balls
|
|
Batting: RHB Steve Stanicek
|
0-0: Called Strike 0-1: Ball 1-1: Called Strike 1-2: SINGLE (Line Drive, 9S, EV 110.6 MPH) Billy Ripken to second Runner from 2nd tries for 3rd, SAFE, no throw by RF
|
|
Batting: LHB Dan Aruca
|
0-0: Reached on error, E5 (Groundball, 56, EV 101.9 MPH) Billy Ripken scores Steve Stanicek to third
|
|
Batting: RHB Otto Gonzalez
|
0-0: Swinging Strike 0-1: Foul Ball, location: 2F 0-2: Strikes out swinging
|
| Bottom of the 7th over - 1 run, 1 hit, 1 error, 2 left on base; Galveston 0 - Port Arthur 3 |
| TOP OF THE 8TH |
|
Galveston Sand Crabs batting - Pitching for Port Arthur Pirates : RHP Kirk McCaskill
|
|
Batting: RHB Sergio Padilla
|
0-0: Ball 1-0: Ground out 5-3 (Groundball, 5S, EV 81.9 MPH)
|
|
Batting: LHB Van Snider
|
0-0: Ball 1-0: DOUBLE (Line Drive, 3D, EV 98.8 MPH)
|
|
Batting: SHB Darryl Wilks
|
0-0: Called Strike 0-1: Ball 1-1: Foul Ball, location: 2F 1-2: Foul Ball, location: 2F 1-2: Strikes out swinging
|
|
Batting: RHB Cayetano Cadahia
|
0-0: Called Strike 0-1: Ball 1-1: Foul Ball, location: 2F 1-2: Ball 2-2: Foul Ball, location: 2F 2-2: Strikes out swinging
|
| Top of the 8th over - 0 runs, 1 hit, 0 errors, 1 left on base; Galveston 0 - Port Arthur 3 |
| BOTTOM OF THE 8TH |
|
Port Arthur Pirates batting - Pitching for Galveston Sand Crabs : LHP Randy Myers
|
|
Batting: RHB Fredi Gonzalez
|
0-0: Ball 1-0: Foul Ball, location: 2F 1-1: DOUBLE (Groundball, 3L, EV 103.8 MPH)
|
|
Batting: LHB Chris Rehbaum
|
0-0: Called Strike 0-1: Reached on error, E1 (Groundball, P, EV 68.1 MPH) Fredi Gonzalez to third
|
|
Batting: RHB Luis Suarez
|
0-0: Foul Ball, location: 2F 0-1: Fly out, F8 (Flyball, 89M, EV 71.9 MPH) Runner from 3rd tags up, SCORES, throw by CF
|
|
Batting: RHB Willis Valdez
|
0-0: Called Strike 0-1: Ball 1-1: Ground out 6-3 (Groundball, P, EV 85.0 MPH) Chris Rehbaum to second
|
|
Batting: SHB Geoff Doggett
|
0-0: Called Strike 0-1: Foul Ball, location: 2F 0-2: Ball 1-2: Foul Ball, location: 2F 1-2: Ball 2-2: Ball 3-2: Foul Ball, location: 2F 3-2: Fly out, F5 (Popup, 25F, EV 83.8 MPH)
|
| Bottom of the 8th over - 1 run, 1 hit, 1 error, 1 left on base; Galveston 0 - Port Arthur 4 |
| TOP OF THE 9TH |
|
Galveston Sand Crabs batting - Pitching for Port Arthur Pirates : RHP Kirk McCaskill
|
|
Batting: LHB Dave Montanari
|
0-0: Called Strike 0-1: Ball 1-1: Ball 2-1: Fly out, F7 (Flyball, 7, EV 88.8 MPH)
|
|
Batting: RHB William Packer
|
0-0: Ball 1-0: Swinging Strike 1-1: Ball 2-1: Foul Ball, location: 2F 2-2: Ground out 4-3 (Groundball, 4MD, EV 83.8 MPH)
|
|
Batting: SHB Ricardo Rivera
|
0-0: Swinging Strike 0-1: Swinging Strike 0-2: Ground out U3 (Groundball, 3, EV 79.4 MPH)
|
| Top of the 9th over - 0 runs, 0 hits, 0 errors, 0 left on base; Galveston 0 - Port Arthur 4 |
|